 Dungeon Crawl Stone Soup version 0.26-a0-651-gb41185065b (webtiles) character file.

Game seed: 4839833601981520690

174 Azzok the Digger (level 5, 0/35 HPs)
             Began as a Demonspawn Earth Elementalist on Oct 18, 2020.
             Slain by an ooze (3 damage)
             ... in a sewer.
             The game lasted 00:03:04 (3245 turns).

Azzok the Digger (Demonspawn Earth Elementalist)    Turns: 3245, Time: 00:03:05

Health: 0/35       AC:  2    Str:  9    XL:     5   Next: 28%
Magic:  0/8        EV: 12    Int: 17    God:
Gold:   163        SH:  0    Dex: 13    Spells: 7/8 levels left

rFire    . . .     SeeInvis .   (no weapon)
rCold    . . .     Faith    .   (no shield)
rNeg     . . .     Spirit   .   c - +0 robe
rPois    .         Reflect  .   (helmet restricted)
rElec    .         Harm     .   (no cloak)
rCorr    .         Rampage  .   (no gloves)
MR       .....                  (no boots)
Stlth    ++........             (no amulet)
HPRegen  0.11/turn              (no ring)
MPRegen  0.11/turn              (no ring)

@: no status effects
A: horns 1, demonic guardian 1
a: no special abilities


You were in a sewer.
You visited 1 branch of the dungeon, and saw 3 of its levels.
You also visited: Sewer.

You collected 163 gold pieces.

Inventory:

Missiles
 b - 37 stones (quivered)
Armour
 c - a +0 robe (worn)
Jewellery
 g - an uncursed ring of flight {unknown}
Scrolls
 a - 3 scrolls of enchant armour {unknown}
 d - a scroll of blinking {unknown}
 f - 4 scrolls of identify {unknown}
 i - a scroll of enchant weapon {unknown}
 j - a scroll of fear {unknown}
 o - a scroll of teleportation {unknown}
 q - a scroll of remove curse {unknown}
Potions
 e - 2 potions of invisibility {unknown}
 h - a potion of heal wounds {unknown}
 k - 2 potions of curing {unknown}
 l - a potion of haste {unknown}
 m - a potion of lignification {unknown}
 n - a potion of flight {unknown}
 p - a potion of stabbing {unknown}


   Skills:
 - Level 1.7 Dodging
 - Level 1.7 Stealth
 - Level 2.0 Spellcasting
   Level 0.8 Transmutations
 + Level 5.5 Earth Magic


You had 7 spell levels left.
You knew the following spells:

 Your Spells              Type           Power        Failure   Level
a - Sandblast             Erth           ###...       1%          1

Your spell library contained the following spells:

 Spells                   Type           Power        Failure   Level
 Passwall                 Tmut/Erth      ##......     8%          2
 Stone Arrow              Conj/Erth      ##....       19%         3
 Petrify                  Tmut/Erth      ##......     45%         4
 Lee's Rapid Deconstruct  Erth           ###.......   50%         5


Dungeon Overview and Level Annotations

Branches:
Dungeon (3/15)              Sewer (1/1)

Altars:


Innate Abilities, Weirdness & Mutations

You have a pair of small horns on your head.
A weak demonic guardian rushes to your aid.


Message History

Aiming: Sandblast (safe; 1% risk of failure)
Press: ? - help, Shift-Dir - straight line, f/p - giant cockroach
Aim: a giant cockroach The blast of sand hits the giant cockroach!
You kill the giant cockroach!
b - 37 stones
* * * LOW MAGIC WARNING * * *
The giant cockroach bites you but does no damage.
Casting: Sandblast (safe; 1% risk of failure)
Confirm with . or Enter, or press ? or * to list all spells.
You don't have enough magic to cast that spell.
The giant cockroach bites you but does no damage.
The worm bites you!
* * * LOW HITPOINT WARNING * * *
Things that are here:
a giant cockroach corpse; a bat corpse The giant cockroach bites you.
* * * LOW HITPOINT WARNING * * *
The ooze hits you.
You die...

≈≈≈≈·w≈
≈≈≈≈≈≈
≈≈≈≈≈
▒≈≈≈▒
▒·≈·▒
▒≈≈·▒
▒▒J·▒
▒@†·▒
▒▒sw▒
▒▒··▒▒
▒▒····▒
▒···∩·▒▒
▒······▒
▒·····∩▒
▒▒····▒▒
▒▒···▒


You could see 2 worms, an ooze and a giant cockroach.

Vanquished Creatures
  Natasha (twice) (D:3)
  3 adders (D:3)
  An ooze (D:1)
  A worm (D:2)
  2 leopard geckos
  4 orcs
  4 giant cockroaches
  9 goblins
  5 hobgoblins
  6 kobolds
  A ball python (D:2)
  5 bats
  5 frilled lizards
  6 rats
54 creatures vanquished.

Vanquished Creatures (collateral kills)
  Terence (D:3)
  2 adders (D:3)
3 creatures vanquished.

Grand Total: 57 creatures vanquished

Notes
Turn   | Place    | Note
-------+----------+-------------------------------------------
     0 | D:1      | Azzok the Demonspawn Earth Elementalist began the quest for
                  | the Orb.
     0 | D:1      | Reached XP level 1. HP: 13/13 MP: 3/3
   170 | D:1      | Reached skill level 3 in Earth Magic
   270 | D:1      | Gained mutation: You have a pair of small horns on your
                  | head. [demonic ancestry]
   270 | D:1      | Reached XP level 2. HP: 19/19 MP: 0/5
  1350 | D:2      | Gained mutation: A weak demonic guardian rushes to your
                  | aid. [demonic ancestry]
  1350 | D:2      | Reached XP level 3. HP: 24/24 MP: 3/6
  1695 | D:2      | Reached skill level 4 in Earth Magic
  2931 | D:3      | Noticed Terence
  2940 | D:3      | Killed Terence
  2940 | D:3      | Reached XP level 4. HP: 23/30 MP: 0/7
  3126 | D:3      | Noticed Natasha
  3128 | D:3      | Killed Natasha
  3128 | D:3      | Reached skill level 5 in Earth Magic
  3184 | D:3      | Found a glowing drain.
  3190 | D:3      | Noticed Natasha
  3195 | D:3      | Killed Natasha
  3195 | D:3      | Reached XP level 5. HP: 35/35 MP: 5/8
  3225 | Sewer    | Entered a sewer
  3245 | Sewer    | Slain by an ooze

Illustrated notes

Levels and vault maps discovered:
D:1:      kilobyte_arrival_exit_the_forest, layout_basic
D:2:      layout_loops_ring, guppyfry_early_orc_mine
D:3:      layout_loops_ring, gup_sewer_entry_glass, lemuel_statue_altar,
          uniq_terence, uniq_natasha
Sewer:    sewer_fruit_machine

Skill      XL: |  1  2  3  4 |
---------------+-------------+-----
Earth Magic    | 3 4 5 |  5.5
Dodging        | |  1.7
Stealth        | |  1.7
Spellcasting   | |  2.0
Transmutations | |  0.8

Action                   |  1- 3 |  4- 6 || total
-------------------------+-------+-------++-------
Melee: Unarmed           |   141 |    22 ||   163
       Headbutt          |    20 |     5 ||    25
 Cast: Sandblast         |    42 |    14 ||    56
 Stab: Sleeping          |     3 |     1 ||     4
Armor: Robe              |    35 |    12 ||    47
Dodge: Dodged            |    93 |    29 ||   122

Table legend: (Time is in decaauts)
 A = Elapsed time spent in this place.
 B = Non-inter-level travel time spent in this place.
 C = Inter-level travel time spent in this place.
 D = Time resting spent in this place.
 E = Time spent auto-exploring this place.
 F = Levels seen in this place.
 G = Mean time per level.
                   A        B        C        D        E       F      G
               +--------+--------+--------+--------+--------+-----+--------+
         Total |   3265 |   3185 |     80 |    481 |   2255 |   4 |  816.2 |
       Dungeon |   3245 |   3165 |     80 |    481 |   2255 |   3 | 1081.7 |
         Sewer |     19 |     19 |      0 |      0 |      0 |   1 |   19.0 |
               +--------+--------+--------+--------+--------+-----+--------+

Top non-repeatable levels by time:
     D:1: 1633 daAuts
     D:2: 1118 daAuts
     D:3: 492 daAuts
   Sewer: 19 daAuts
